Map: [ESL] Waterfall

Players

SpeCial - Winner!

  • Race: Terran Terran
  • Spawn Location: 7:00

LiquidClem (Clem)

  • Race: Terran Terran
  • Spawn Location: 1:00

Event: TSL 9

VOD

Have the link to the VOD?

Description

Time

  • Played on: Aug. 6, 2022, 12:06 p.m.
  • Length: 13:06

All games in this series

Show
View Real Time Build Order
Export as new Build Order

SpeCial Terran - Winner!

Build Orders:  

Get SALT Encoding   

  12  0:00  SCV  
  13  0:12  SCV  
  14  0:17  Supply Depot  
  14  0:24  SCV  
  15  0:38  SCV  
  15  0:39  Barracks  
  16  0:43  Refinery  
  16  0:50  SCV  
  16  0:53  Refinery  
  17  1:03  SCV  
  18  1:15  SCV  
  19  1:27  Reaper, Orbital Command  
  19  1:30  Supply Depot  
  20  1:43  Factory  
  20  1:53  SCV  
  21  1:59  Reaper  
  22  2:05  SCV  
  23  2:17  SCV  
  24  2:24  Command Center  
  24  2:29  Hellion  
  26  2:32  Barracks Reactor  
  26  2:35  SCV  
  27  2:42  Supply Depot  
  27  2:47  SCV  
  28  2:51  Starport  
  28  2:54  Factory Tech Lab  
  28  2:59  SCV  
  29  3:08  Marine x2  
  29  3:11  SCV  
  32  3:18  Cyclone  
  35  3:23  SCV  
  35  3:26  Marine  
  35  3:27  Marine  
  35  3:29  Starport Tech Lab  
  35  3:31  Refinery  
  34  3:35  SCV  
  35  3:41  Orbital Command  
  35  3:47  Raven  
  37  3:49  Marine x2  
  37  3:52  SCV  
  40  3:58  Cyclone  
  43  4:05  SCV  
  43  4:07  SCV  
  43  4:08  Marine x2  
  39  4:26  SCV x2, Marine x2  
  39  4:30  Raven  
  40  4:43  Siege Tank  
  40  4:44  Marine x2  
  44  4:46  SCV  
  44  4:47  SCV  
  44  4:58  SCV  
  44  4:59  SCV  
  46  5:02  Supply Depot, Marine x2  
  48  5:11  SCV, Orbital Command  
  50  5:20  Marine x2  
  48  5:23  SCV  
  48  5:26  Siege Tank  
  49  5:34  Refinery  
  49  5:35  SCV  
  50  5:41  Banshee  
  53  5:46  SCV  
  53  5:49  SCV  
  55  6:00  SCV  
  55  6:01  SCV  
  55  6:02  Barracks Reactor  
  57  6:07  Siege Tank  
  60  6:12  SCV  
  60  6:13  SCV  
  62  6:28  Starport  
  62  6:29  Supply Depot  
  62  6:30  SCV x2  
  64  6:33  Viking  
  64  6:34  Viking  
  68  6:44  SCV x2  
  70  6:50  Siege Tank  
  73  7:01  SCV x2  
  75  7:07  Viking, Command Center  
  77  7:27  Viking x2  
  78  7:34  Supply Depot  
  78  7:35  Viking, SCV x2  
  82  7:40  Viking  
  84  7:49  SCV x2  
  85  7:56  Siege Tank  
  88  7:58  Supply Depot  
  88  8:01  Viking, SCV x2  
  90  8:13  SCV, Viking  
  90  8:14  Viking  
  91  8:20  SCV  
  91  8:25  Liberator  
  95  8:28  SCV  
  95  8:29  Siege Tank  
  95  8:32  SCV  
  100  8:40  SCV  
  101  8:44  SCV  
  101  8:47  SCV  
  101  8:48  Viking x2  
  95  8:52  SCV  
  86  8:59  SCV  
  86  9:00  Viking  
  86  9:01  Siege Tank  
  86  9:04  SCV  
  86  9:07  Viking  
  86  9:18  Viking  
  86  9:19  SCV x2, Orbital Command  
  86  9:22  Viking  
  91  9:30  Viking  
  93  9:33  Siege Tank  
  93  9:34  SCV x2  
  98  9:46  SCV x2  
  98  9:48  Viking x2  
  98  9:49  Refinery x2  
  98  9:52  Viking  
  106  9:55  SCV  
  106  9:58  SCV x2  
  107  10:06  Viking  
  104  10:07  SCV  
  104  10:11  SCV x2  
  103  10:18  Viking  
  103  10:19  SCV  
  106  10:26  Starport  
  106  10:27  Starport  
  106  10:28  SCV  
  107  10:30  Siege Tank  
  107  10:35  SCV  
  111  10:37  Viking  
  113  10:43  Supply Depot, Viking  
  113  10:48  Viking  
  117  10:58  Supply Depot  
  117  11:01  Supply Depot  
  117  11:04  Viking  
  117  11:05  Viking  
  117  11:06  Viking  
  117  11:07  Viking  
  117  11:09  SCV  
  118  11:13  Viking  
  118  11:14  SCV  
  118  11:16  SCV  
  120  11:19  Siege Tank  
  121  11:27  Viking  
  117  11:33  SCV x2  
  117  11:34  Viking x2  
  117  11:36  SCV  
  117  11:38  Viking x2  
  126  11:44  Viking  
  122  11:57  Viking  
  122  12:00  Supply Depot  
  124  12:04  Viking x2  
  124  12:06  Command Center  
  124  12:08  Viking  
  130  12:12  Siege Tank  
  130  12:13  Viking  
  133  12:17  Viking  
  131  12:33  Engineering Bay  
  131  12:34  Supply Depot  
Show
View Real Time Build Order
Export as new Build Order

LiquidClem Terran 

Build Orders: Hellion Opening 

Get SALT Encoding   

  12  0:00  SCV  
  13  0:12  SCV  
  14  0:17  Supply Depot  
  14  0:24  SCV  
  15  0:38  SCV  
  15  0:39  Barracks  
  16  0:43  Refinery  
  16  0:50  SCV  
  17  0:57  Refinery  
  17  1:03  SCV  
  18  1:15  SCV  
  19  1:26  Reaper  
  19  1:27  Orbital Command  
  19  1:29  Supply Depot  
  20  1:45  Factory  
  20  1:52  SCV  
  21  1:58  Barracks Reactor  
  21  2:05  SCV  
  22  2:17  SCV  
  23  2:26  Command Center  
  23  2:30  SCV  
  24  2:37  Starport  
  24  2:45  Hellion  
  24  2:48  Hellion  
  24  2:50  Barracks Tech Lab  
  28  2:57  Supply Depot  
  27  2:58  SCV  
  28  3:09  Marauder  
  30  3:19  Hellion x2  
  33  3:24  Medivac  
  34  3:31  Marauder  
  34  3:34  Concussive Shells  
  38  3:41  Hellion  
  38  3:45  Hellion  
  39  3:56  Starport Tech Lab  
  39  4:03  SCV, Hellion  
  39  4:05  Orbital Command  
  42  4:10  Hellion  
  42  4:15  SCV  
  43  4:22  Marine  
  42  4:27  SCV  
  42  4:29  Supply Depot, Raven  
  45  4:32  SCV  
  44  4:39  Hellion, SCV  
  44  4:44  Hellion  
  48  4:45  SCV  
  48  4:51  SCV  
  49  4:57  SCV  
  50  5:01  Supply Depot, Refinery  
  50  5:03  SCV  
  49  5:09  SCV  
  49  5:13  Raven  
  52  5:15  SCV  
  52  5:21  Siege Tank, Marine  
  52  5:22  SCV  
  52  5:25  Marine  
  52  5:27  SCV  
  51  5:32  Supply Depot  
  51  5:34  SCV  
  52  5:39  Marine  
  52  5:40  SCV  
  54  5:43  Marine  
  54  5:46  SCV  
  56  5:52  SCV  
  56  5:53  Siege Tank  
  56  5:57  Command Center  
  60  5:58  SCV  
  60  6:04  SCV  
  61  6:10  SCV  
  61  6:14  Viking  
  61  6:16  SCV  
  64  6:18  Viking  
  64  6:21  Marine  
  64  6:22  SCV  
  68  6:27  Siege Tank  
  68  6:28  SCV  
  68  6:29  Supply Depot  
  72  6:34  SCV  
  71  6:40  SCV  
  71  6:43  Supply Depot  
  71  6:46  Viking, SCV  
  71  6:47  Refinery, Marine  
  75  6:51  Viking  
  75  6:52  SCV  
  79  6:58  Supply Depot, SCV  
  80  7:02  Siege Tank  
  80  7:04  SCV  
  84  7:10  SCV  
  84  7:15  Supply Depot  
  85  7:16  Viking  
  85  7:21  Viking  
  85  7:22  SCV  
  87  7:23  SCV  
  87  7:29  Marine  
  87  7:32  Orbital Command  
  87  7:34  SCV  
  87  7:36  SCV  
  89  7:39  Siege Tank  
  92  7:47  Supply Depot  
  92  7:48  SCV  
  92  7:49  SCV, Starport  
  92  7:53  Viking  
  92  7:56  Viking  
  96  7:59  Orbital Command  
  96  8:00  SCV  
  96  8:03  Marine  
  96  8:06  Supply Depot, SCV  
  96  8:11  Siege Tank  
  96  8:13  SCV  
  96  8:18  SCV  
  85  8:21  Marine  
  85  8:23  Viking  
  85  8:25  SCV  
  85  8:26  Viking  
  91  8:29  SCV, Refinery  
  91  8:30  SCV  
  91  8:34  Refinery  
  93  8:37  SCV  
  93  8:39  Viking  
  96  8:41  SCV, Marine  
  96  8:42  SCV  
  96  8:49  SCV  
  96  8:53  Viking, SCV  
  96  8:54  SCV  
  88  8:56  Viking  
  88  8:59  Marine  
  88  9:00  Siege Tank  
  88  9:01  SCV  
  88  9:05  SCV  
  88  9:09  Viking  
  85  9:13  SCV x2  
  79  9:17  SCV, Marine  
  79  9:23  Viking  
  80  9:24  Stimpack  
  83  9:25  SCV x2  
  83  9:26  Viking  
  87  9:31  Engineering Bay  
  87  9:35  Siege Tank  
  90  9:39  Viking  
  90  9:44  Marine  
  93  9:49  Barracks  
  93  9:51  Barracks  
  92  9:53  Viking  
  92  9:56  Viking  
  92  9:58  SCV x2  
  93  10:01  SCV  
  93  10:03  Marine  
  92  10:09  Viking, Siege Tank  
  92  10:10  SCV  
  96  10:21  Marine  
  96  10:22  Viking  
  98  10:29  Viking  
  98  10:30  SCV  
  98  10:32  SCV  
  98  10:34  Orbital Command  
  97  10:41  Siege Tank  
  100  10:43  Viking  
  100  10:45  Sensor Tower  
  100  10:51  Marine  
  100  10:52  Viking  
  100  10:54  Marine  
  102  10:59  Viking  
  104  11:05  Marine  
  91  11:12  Marine  
  91  11:13  Viking, Siege Tank  
  91  11:14  Marine  
  91  11:17  SCV x2  
  92  11:18  SCV  
  92  11:21  Refinery  
  92  11:22  Viking  
  92  11:23  Marine  
  96  11:29  Viking  
  96  11:30  Marine  
  96  11:32  Marine  
  85  11:42  Marine  
  85  11:43  Viking  
  85  11:45  Siege Tank  
  86  11:48  Marine  
  86  11:49  Marine  
  86  11:50  SCV x2  
  86  11:52  Viking  
  87  11:59  Marine  
  88  12:02  SCV  
  88  12:03  Viking  
  88  12:06  Marine  
  92  12:10  SCV  
  92  12:14  SCV, Viking  
  91  12:18  Marine  
  91  12:20  Siege Tank  
  95  12:23  Marine  
  95  12:29  Viking  
  94  12:31  Marine  
  94  12:36  Marine  
  96  12:41  Marine  
Tags
 
Event
TSL 9
Matchup
TvT
Race
Terran
Spawn Locations
Cross Positions
Add a new tag
Caveats
  • Supply blocks, unpowered buildings, or Contaminate may cause inaccurate times.
  • Supply counts are checked every 10 seconds.